 Dungeon Crawl Stone Soup version 0.18-a0-1523-gbe15c29 (webtiles) character file.

88 MenacingMecha the Changer (level 4, -1/32 HPs)
             Began as a Merfolk Transmuter on Mar 7, 2016.
             Slain by an orc (3 damage)
             ... on level 3 of the Dungeon.
             The game lasted 00:07:27 (2304 turns).

MenacingMecha the Changer (Merfolk Transmuter)      Turns: 2304, Time: 00:07:27

Health: -1/32      AC:  2    Str: 10    XL:     4   Next: 53%
Magic:  6/7        EV: 13    Int: 13    God:
Gold:   158        SH:  0    Dex: 14    Spells: 2 memorised, 3 levels left

rFire  . . .     SeeInvis .       - Unarmed
rCold  . . .     Gourm    .     b - +0 robe
rNeg   . . .     Faith    .     (no shield)
rPois  .         Spirit   .     (no helmet)
rElec  .         Dismiss  .     (no cloak)
rCorr  .         Reflect  .     (no gloves)
SustAt .         Harm     .     (no boots)
MR     .....                    (no amulet)
Stlth  +.........               (no ring)
                                (no ring)

@: appendage, not resistant to hostile enchantments, very unstealthy
A: change form in water, swift swim, horns 2
a: End Transformation


You were on level 3 of the Dungeon.
You were hungry.
You had grown temporary horns.
You visited 1 branch of the dungeon, and saw 3 of its levels.

You collected 158 gold pieces.

Inventory:

Missiles
 a - 12 arrows
Armour
 b - a +0 robe (worn)
Jewellery
 r - a cursed ring of positive energy {unknown}
Scrolls
 f - 2 scrolls of identify {unknown}
 i - 2 scrolls of teleportation {unknown}
 l - 2 scrolls of recharging {unknown}
 m - a scroll of immolation {unknown}
 o - a scroll of blinking {unknown}
Potions
 e - a potion of mutation {unknown}
 h - 2 potions of ambrosia {unknown}
 j - a potion of magic {unknown}
 k - a potion of invisibility {unknown}
 s - a potion of heal wounds {unknown}
Books
 c - a book of Changes

   Spells                             Type                      Level
   a - Beastly Appendage              Transmutation                1
   b - Sticks to Snakes               Transmutation                2
   c - Spider Form                    Transmutation/Poison         3
   d - Ice Form                       Ice/Transmutation            4
   e - Blade Hands                    Transmutation                5
 p - a book of Flames

   Spells                             Type                      Level
   a - Flame Tongue                   Conjuration/Fire             1
   b - Throw Flame                    Conjuration/Fire             2
   c - Conjure Flame                  Conjuration/Fire             3
   d - Inner Flame                    Hexes/Fire                   3
   e - Sticky Flame                   Conjuration/Fire             4
   f - Fireball                       Conjuration/Fire             5
Comestibles
 d - 3 bread rations
 g - a beef jerky
 n - 7 fruits
 t - a meat ration


   Skills:
 - Level 1.1 Fighting
 - Level 2.6 Dodging
 - Level 4.0 Unarmed Combat
 - Level 2.0 Spellcasting
 + Level 4.7 Transmutations
 + Level 2.0 Poison Magic


You had 3 spell levels left.
You knew the following spells:

 Your Spells              Type           Power        Failure   Level  Hunger
a - Beastly Appendage     Trmt           ##....       4%          1    ##.....
b - Spider Form           Trmt/Pois      ##........   21%         3    ####...


Dungeon Overview and Level Annotations

Branches:
Dungeon (3/15)

Altars:
Cheibriados
Gozag

Annotations:
D:3 Shelf's ghost, amateur DsMo


Innate Abilities, Weirdness & Mutations

You revert to your normal form in water.
You are very nimble and swift while swimming.
You have a pair of horns on your head.


Message History

The orc misses you.
Unknown command.
You hit the orc.
You kill the orc!
The orc misses you.
You hit the orc priest but do no damage.
The orc closely misses you.
The orc priest miscasts a cantrip.
You hit the orc priest. Your punch misses the orc priest.
The orc priest is lightly wounded.
The orc hits you.
* * * LOW HITPOINT WARNING * * *
The orc priest hits you but does no damage.
You closely miss the orc priest.
The orc priest is lightly wounded.
The orc hits you but does no damage. The orc priest closely misses you.
You closely miss the orc priest.
The orc priest is lightly wounded.
The orc hits you.
You die...

# #.......# #.##.##.#
##### #.##.##.# #$$$#
###.##.##.#####$_$#
#......##.#....$$$#
##.#.......#.......#
....###.####.......#
.....##.##.........#
...........#....@o.#
##......##.#.....o.#
#.......##.#.........#
#.##.........#.#####.#
#.##.......#.#.# #
...#............
...#)#.....#.#..#
...<.......#. ..
.#)#.###....


You could see an orc priest and an orc.

Vanquished Creatures
  3 adders
  2 oozes
  2 dart slugs
  A giant gecko (D:1)
  2 orcs (D:3)
  2 giant cockroaches
  3 goblins
  6 hobgoblins
  4 jackals (D:1)
  A ball python (D:1)
  5 bats (D:1)
  4 giant newts (D:1)
  6 kobolds
  5 rats
46 creatures vanquished.

Notes
Turn   | Place    | Note
--------------------------------------------------------------
     0 | D:1      | MenacingMecha the Merfolk Transmuter began the quest for the Orb.
     0 | D:1      | Reached XP level 1. HP: 15/15 MP: 3/3
   312 | D:1      | Reached XP level 2. HP: 18/21 MP: 5/5
   802 | D:1      | Reached XP level 3. HP: 22/26 MP: 6/6
   870 | D:1      | Learned a level 3 spell: Spider Form
  1326 | D:1      | You fall through a shaft!
  1524 | D:2      | Found a faded altar to an unknown god.
  1526 | D:2      | Found a snail-covered altar of Cheibriados.
  1614 | D:2      | Reached skill level 1 in Poison Magic
  1769 | D:2      | Reached XP level 4. HP: 32/32 MP: 5/7
  1917 | D:3      | Noticed Shelf's ghost (amateur DsMo)
  2288 | D:3      | Found an opulent altar of Gozag.
  2304 | D:3      | Slain by an orc

Vault maps used:
D:1:      sevenhm_arrival_forest_fort_large_1, corexii_corridor_pit
D:2:      ecumenical_altar_1, cheibriados_altar_1
D:3:      first_bread, nicolae_gozag_seed_capital

Skill      XL: |  1  2  3  4 |
---------------+-------------+-----
Transmutations | 3 4 |  4.7
Unarmed Combat | 4 |  4.0
Poison Magic   | 1 2 |  2.0
Fighting       | |  1.1
Dodging        | |  2.6
Spellcasting   | |  2.0

Action                   |  1- 3 |  4- 6 || total
-------------------------+-------+-------++-------
Melee: Unarmed           |   143 |    38 ||   181
 Cast: Beastly Appendage |     5 |     2 ||     7
 Stab: Sleeping          |     2 |     1 ||     3
  Eat: Chunk             |     3 |     1 ||     4
